 Dungeon Crawl Stone Soup version 0.24.1-14-gf8d2b509d9 (console) character file.

Game seed: 7711627228825904664, levelgen mode: deterministic

0 Kagalorn the Skirmisher (level 1, 18/18 HPs)
             Began as a Minotaur Wanderer on Feb 25, 2021.
             Quit the game on level 1 of the Dungeon.
             The game lasted 00:00:56 (41 turns).

Kagalorn the Skirmisher (Minotaur Wanderer)           Turns: 41, Time: 00:00:57

Health: 18/18      AC:  3    Str: 17    XL:     1   Next: 0%
Magic:  0/0        EV: 12    Int:  7    God:
Gold:   0          SH:  0    Dex: 10    Spells: 0/0 levels left

rFire    . . .     SeeInvis .   a - +0 falchion
rCold    . . .     Gourm    .   (no shield)
rNeg     . . .     Faith    .   c - +0 leather armour
rPois    .         Spirit   .   (helmet restricted)
rElec    .         Reflect  .   (no cloak)
rCorr    .         Harm     .   (no gloves)
MR       .....                  (no boots)
Stlth    +.........             (no amulet)
HPRegen  0.06/turn              (no ring)
MPRegen  0.07/turn              (no ring)

@: no status effects
A: retaliatory headbutt, horns 2
a: no special abilities


You were on level 1 of the Dungeon.
You were not hungry.

You visited 1 branch of the dungeon, and saw 1 of its levels.

Inventory:

Hand Weapons
 a - a +0 falchion (weapon)
Missiles
 b - 4 throwing nets (quivered)
Armour
 c - a +0 leather armour (worn)
Scrolls
 d - a scroll of teleportation
Comestibles
 f - 2 rations


   Skills:
 + Level 2.4 Fighting
   Level 1.2 Polearms
   Level 2.1 Crossbows
 - Level 1.0 Throwing
 + Level 1.2 Armour
 + Level 2.1 Dodging
 - Level 1.0 Stealth


You couldn't memorise any spells.
You didn't know any spells.
Your spell library was empty.

Dungeon Overview and Level Annotations

Branches:
Dungeon (1/15)

Altars:


Innate Abilities, Weirdness & Mutations

You reflexively headbutt those who attack you in melee.
You have a pair of horns on your head.


Message History

The ghoul is destroyed!
The tentacle slaps the minotaur!
The tentacle slaps the minotaur.
There is an open gate here.
You swing at nothing.
The tentacle slaps the minotaur.
The tentacle slaps the minotaur!
The minotaur closely misses the tentacle.
The minotaur gores the tentacle.
You swing at nothing.
The tentacle slaps the minotaur!!
The minotaur dies!
You swing at nothing.
There is an open gate here.
There is an open gate here.
There is an open gate here.
f - 2 rations (gained 1)
Found a scroll labeled JUYQ TIS DIXA.
Found a ration.
Saving game... please wait.
Welcome back, Kagalorn the Minotaur Wanderer.
Press ? for a list of commands and other information.
Are you sure you want to abandon this character and quit the game? (Confirm with "yes".)

.. #. ...# #.
...###$ ###.$.#..##
#.........##
..#######.$
#.#††...#.#####
##.#.≈≈≈.#.#...#
#.@#†≈≈≈†#'#...#
#..#.≈≈≈.#'..<.#
##..#.≈X≈.#'#...#
#...#.≈≈≈†#.#...#
####...#.....#.#####
#......#######.#
#..##.#.........#
... #.......######
## #..######


You could see a neutral kraken (wandering).

Vanquished Creatures (others)
  A ghoul (D:1)
  A minotaur (D:1)
  2 draconians (D:1)
  An elf (D:1)
  A vampire (D:1)
  A naga (D:1)
  A dwarf (D:1)
  2 ogres (D:1)
  A centaur (D:1)
  3 mummies (D:1)
  A kobold (D:1)
  8 tentacles (D:1)
23 creatures vanquished.

Notes
Turn   | Place    | Note
-------+----------+-------------------------------------------
     0 | D:1      | Kagalorn the Minotaur Wanderer began the quest for the Orb.
     0 | D:1      | Kagalorn set off with the following items: a +0 falchion, 4
                  | throwing nets, a +0 leather armour, a scroll of
                  | teleportation, a ration
     0 | D:1      | Reached XP level 1. HP: 18/18 MP: 0/0
     2 | D:1      | Noticed an ogre
     2 | D:1      | Noticed a dwarf
     2 | D:1      | Noticed a centaur
     2 | D:1      | Noticed a naga
     2 | D:1      | Noticed an elf
     2 | D:1      | Noticed a kraken
     2 | D:1      | Noticed a minotaur
     2 | D:1      | Noticed a draconian
     2 | D:1      | Noticed an ogre
     2 | D:1      | Noticed a ghoul
     2 | D:1      | Noticed a vampire
     2 | D:1      | Noticed a draconian
     3 | D:1      | Killed an ogre
     4 | D:1      | Killed an ogre
     5 | D:1      | Killed an elf
     6 | D:1      | Killed a draconian
     7 | D:1      | Killed a naga
     7 | D:1      | Killed a centaur
     8 | D:1      | Killed a vampire
    13 | D:1      | Killed a dwarf
    14 | D:1      | Killed a draconian
    15 | D:1      | Killed a ghoul
    17 | D:1      | Killed a minotaur
    41 | D:1      | Quit the game

Levels and vault maps discovered:
D:1:      nicolae_arrival_kraken_aquarium_b, layout_rooms, minmay_pentomino_v2
